 Dungeon Crawl Stone Soup version 0.31-a0-188-g5e087ee2ca (webtiles) character file.

Game seed: 3919020478591903874

51 qw the Shooter (level 3, -1/20 HPs)
             Began as a Deep Elf Hunter on June 23, 2023.
             Slain by a gnoll
             ... wielding a +0 spear
              (5 damage)
             ... on level 2 of the Dungeon.
             The game lasted 00:00:28 (754 turns).

qw the Shooter (Deep Elf Hunter)                     Turns: 754, Time: 00:00:28

Health: -1/20      AC:  5    Str: 10    XL:     3   Next: 57%
Magic:  5/5        EV: 11    Int: 13    God:
Gold:   39         SH:  0    Dex: 18    Spells: 2/2 levels left

rFire   . . .        Y - +1 shortbow
rCold   . . .        (shield currently unavailable)
rNeg    . . .        g - +0 ring mail
rPois   .            (no helmet)
rElec   .            (no cloak)
rCorr   .            (no gloves)
SInv    +            (no boots)
Will    +....        (no amulet)
Stlth   +            a - ring "Lukhes" {Will+ SInv}
HPRegen 0.23/turn    (no ring)
MPRegen 0.09/turn

%: no passive effects
@: no status effects
A: no striking features
a: no special abilities


You were on level 2 of the Dungeon.
You visited 1 branch of the dungeon, and saw 2 of its levels.

You collected 39 gold pieces.


   Skills:
 - Level 1.5 Fighting
 + Level 7.1 Ranged Weapons
 - Level 2.4 Dodging
 - Level 1.2 Stealth


You had 2 spell levels left.
You didn't know any spells.
Your spell library was empty.

Inventory:

Hand Weapons
 Y - a +1 shortbow (weapon)
Armour
 g - a +0 ring mail (worn)
Jewellery
 a - the ring "Lukhes" (left hand) {Will+ SInv}
   (You acquired it on level 1 of the Dungeon)

   [ring of see invisible]

   SInv:      It lets you see invisible.
   Will:      It increases your willpower.
Potions
 b - a potion of curing {unknown}

Dungeon Overview and Level Annotations

Branches:
Dungeon (2/15)

Altars:

Annotations:
D:2 exclusion: gnoll


Message History

The adder bites you but does no damage. x2
You shoot an arrow. The arrow misses the adder.
The adder barely misses you.
You shoot an arrow. The arrow hits the adder.
The adder is almost dead.
The adder bites you but does no damage. The adder closely misses you.
You shoot an arrow. The arrow misses the adder.
The adder bites you.
You shoot an arrow. The arrow barely misses the adder.
The adder bites you. The adder bites you but does no damage.
You shoot an arrow. The arrow closely misses the adder.
The adder misses you.
You shoot an arrow. The arrow hits the adder.
You kill the adder!
Your Ranged Weapons skill increases to level 7!
You start resting.
HP restored.
b - a glowing clear potion A rat comes into view.
You shoot an arrow.
The arrow hits the rat but does no damage.
You shoot an arrow. The arrow hits the rat.
The rat is moderately wounded.
You shoot an arrow. The arrow hits the rat!
You kill the rat!
You see here a rat corpse.
A gnoll comes into view. It is wielding a +0 spear.
The gnoll moves out of view.
You shoot an arrow. The arrow barely misses the gnoll.
You shoot an arrow. The arrow hits the gnoll!
The gnoll is severely wounded.
You shoot an arrow. The arrow barely misses the gnoll.
The gnoll completely misses you.
You shoot an arrow. The arrow hits the gnoll.
The gnoll is almost dead.
The gnoll hits you from afar with a +0 spear!
You shoot an arrow. The arrow barely misses the gnoll.
The gnoll hits you from afar with a +0 spear!
The gnoll hits you from afar with a +0 spear.
You die...

#.. ... ..# #..
... ..##.# ##.
#.# #.##.# #.
#.# #.##.# #.
#.# #.##.# #.
#g# ######.##.#
#.
#.###...##.##.#
#.
#.@.....##.##.#
#.
#####...##.##.#
#.
##%##...#.####.
#.............
####.......###
##.......##
##.......#
##.......
#.........


You could see a gnoll.

Vanquished Creatures
  An adder (D:2)
  A dart slug (D:1)
  4 endoplasms (D:1)
  2 giant cockroaches (D:1)
  2 goblins (D:1)
  4 hobgoblins (D:1)
  3 jackals (D:1)
  5 kobolds (D:1)
  4 quokkas (D:1)
  2 ball pythons (D:1)
  2 bats (D:1)
  A frilled lizard (D:1)
  2 rats
33 creatures vanquished.

Notes
Turn   | Place    | Note
-------+----------+-------------------------------------------
     0 | D:1      | qw the Deep Elf Hunter began the quest for the Orb.
     0 | D:1      | Reached XP level 1. HP: 12/12 MP: 3/3
     0 | D:1      | 0 ||| qw: Version: 0.3-a-9-g12657ce
     0 | D:1      | 0 ||| qw: Game counter: 3488
     0 | D:1      | 0 ||| qw: Always use a shield: true
     0 | D:1      | 0 ||| qw: God list: Okawaru
     0 | D:1      | 0 ||| qw: Allow faded altars: false
     0 | D:1      | 0 ||| qw: Do Orc after D:15 true
     0 | D:1      | 0 ||| qw: Do second Lair branch before Depths: true
     0 | D:1      | 0 ||| qw: Lair rune preference: random
     0 | D:1      | 0 ||| qw: Plans: Normal
     0 | D:1      | 0 ||| PLANNING D:1-11
    84 | D:1      | Reached XP level 2. HP: 15/16 MP: 4/4
    88 | D:1      | Reached skill level 6 in Ranged Weapons
   173 | D:1      | 173 ||| FLEEEEING.
   174 | D:1      | 174 ||| FLEEEEING.
   206 | D:1      | Reached XP level 3. HP: 20/20 MP: 5/5
   619 | D:1      | 619 ||| UPGRADING to +0 ring mail.
   629 | D:1      | 629 ||| DROPPING +0 leather armour.
   630 | D:1      | 630 ||| READING scroll labelled MOASSYE SUEMO.
   633 | D:1      | 633 ||| READING scroll labelled XYVESAIDIU.
   634 | D:1      | 634 ||| READING scroll labelled LOFE MYETUFED.
   635 | D:1      | 635 ||| READING scroll labelled OLUIRA MEYFEGU.
   636 | D:1      | 636 ||| READING scroll labelled LOIMMEMNUUCW.
   637 | D:1      | 637 ||| READING scroll labelled BADASI EWNUODU.
   637 | D:1      | Identified a scroll of acquirement
   637 | D:1      | 637 ||| ACQUIRING ring "Lukhes" {Will+ SInv}
   637 | D:1      | Acquired the ring "Lukhes" {Will+ SInv}
   639 | D:1      | 639 ||| UPGRADING to ring "Lukhes" {Will+ SInv}.
   640 | D:1      | 640 ||| DROPPING scroll of butterflies.
   696 | D:2      | Reached skill level 7 in Ranged Weapons
   753 | D:2      | HP: 4/20 [gnoll/+0 spear (8)]
   754 | D:2      | Slain by a gnoll

Levels and vault maps discovered:
D:1:      ncdulo_smallfort, layout_basic, st_stairs_2
D:2:      layout_loops_ring, kennysheep_generic_room_2

Skill      XL: |  1  2  3 |
---------------+----------+-----
Ranged Weapons | 6 7 |  7.1
Fighting       | |  1.5
Dodging        | |  2.4
Stealth        | |  1.2

Action                     || total
---------------------------++-------
   Fire: Shortbow          ||   130
    Use: Scroll            ||     6
 Armour: Leather armour    ||    11
         Ring mail         ||    10
  Dodge: Dodged            ||    41

Table legend:
 A = Non-vault XP
 B = Vault XP
 C = Vault XP percentage of total XP
 D = Non-vault monster count
 E = Vault monster count
 F = Vault count percentage of total count
                 A         B        C        D         E       F
            +---------+---------+-------+---------+---------+-------
      Total |      66 |       7 |   9.6 |      29 |       4 |  12.1
            +---------+---------+-------+---------+---------+-------
        D:1 |      51 |       7 |  12.1 |      27 |       4 |  12.9
        D:2 |      15 |       0 |   0.0 |       2 |       0 |   0.0
            +---------+---------+-------+---------+---------+-------
